 Dungeon Crawl Stone Soup version 0.31-a0-1082-g7d1fb776a8 (webtiles) character file.

Game seed: 17488948636821060837

4204 Gladio the Geomancer (level 10, -6/68 HPs)
             Began as a Meteoran Earth Elementalist on Nov 27, 2023.
             Was an Initiate of Ashenzari.
             Mangled by a blink frog (13 damage)
             ... on level 1 of the Lair of Beasts.
             The game lasted 00:19:33 (4750 turns).

Gladio the Geomancer (Meteoran Earth Elementalist)  Turns: 4750, Time: 00:19:34

Health: -6/68      AC:  8    Str: 11    XL:     10   Next: 83%
Magic:  17/23      EV: 12    Int: 21    God:    Ashenzari [......]
Gold:   389        SH:  0    Dex: 14    Spells: 2/25 levels left

rFire   . . .        n - +4 flail (protect)
rCold   + . .        y - orb {guile}
rNeg    + . .        i - +3 leather armour {rN+}
rPois   .            (no helmet)
rElec   .            l - +0 cloak
rCorr   .            (no gloves)
SInv    .            B - +0 pair of boots
Will    .....        (no amulet)
Stlth   +            e - ring "Tethered Ordeal" {rC+, Bglg, Fort} (curse)
HPRegen 0.31/turn    (no ring)
MPRegen 0.18/turn

%: no passive effects
@: glowing, studying Earth Magic
A: sense surroundings 2, otherworldly, glowing, explore regen
a: Renounce Religion, Shatter the Chains


You were on level 1 of the Lair of Beasts.
You worshipped Ashenzari.
Ashenzari was noncommittal.
You visited 3 branches of the dungeon, and saw 10 of its levels.

You collected 389 gold pieces.

Inventory:

Hand Weapons
 n - a +4 flail of protection (weapon)
Missiles
 x - a throwing net
Armour
 a - a +1 robe
 i - a +3 leather armour of positive energy (worn)
 l - a +0 cloak (worn)
 y - an orb of guile (worn)
 B - a +0 pair of boots (worn)
Magical Staves
 r - a staff of air
Jewellery
 e - the cursed ring "Tethered Ordeal" (left hand) {rC+, Bglg, Fort}
   (You found it on level 1 of the Dungeon)

   [ring of protection from cold]

   rC+:       It protects you from cold.
   It has a curse which improves the following skills: Beguiling: Conjurations,
   Hexes and Translocations.
   Fortitude: Armour and Shields.
 s - a +6 ring of intelligence
 C - a +5 ring of evasion
Wands
 w - a wand of iceblast (8)
 z - a wand of charming (5)
Scrolls
 b - 2 scrolls of revelation {unknown}
 c - a scroll of blinking
 o - 2 scrolls of vulnerability {unknown}
 p - a scroll of fog
 u - a scroll of immolation {unknown}
 v - 2 scrolls of enchant armour
Potions
 d - a potion of cancellation {unknown}
 f - a potion of heal wounds
 h - 3 potions of curing {unknown}
 j - 2 potions of haste
 k - 2 potions of resistance
 m - a potion of berserk rage
 q - a potion of attraction
 t - a potion of lignification {unknown}
 A - a potion of brilliance {unknown}


   Skills:
 + Level 7.0 Fighting
 - Level 2.4 Dodging
 - Level 1.6 Stealth
 + Level 8.3 Spellcasting
 + Level 7.2(7.6) Conjurations
 - Level 1.6 Transmutations
 * Level 13.2 Earth Magic


You had 2 spell levels left.
You knew the following spells:

 Your Spells              Type           Power      Damage    Failure   Level
a - Sandblast             Erth           100%       2d20      1%          1
b - Stone Arrow           Conj/Erth      100%       3d13      1%          3
c - Brom's Barrelling Bo  Conj/Erth      51%        2d7       1%          4
d - Petrify               Tmut/Erth      40%        N/A       4%          4
e - Passwall              Tmut/Erth      33%        N/A       1%          2
f - Animate Armour        Summ/Erth      72%        N/A       7%          4
g - Lee's Rapid Deconstr  Erth           29%        3d15*     1%          5

Your spell library contained the following spells:

 Spells                   Type           Power      Damage    Failure   Level
 Shock                    Conj/Air       96%        1d9       1%          1
 Swiftness                Air            8%         N/A       30%         3
 Airstrike                Air            4%         2d(1-17)  69%         4
 Summon Lightning Spire   Summ/Air       8%         N/A       69%         4


Dungeon Overview and Level Annotations

Branches:
Dungeon (8/15) Zot: 180    Temple (1/1) D:4 Zot: 598    Lair (1/5) D:8 Zot: 574

Altars:
Ashenzari
Elyvilon
Gozag
Hepliaklqana
Kikubaaqudgha
Nemelex Xobeh
Okawaru
Ru
Sif Muna
Trog
Uskayaw
Vehumet
Wu Jian
Xom
Yredelemnul
Zin
The Shining One


Innate Abilities, Weirdness & Mutations

You passively map the area around you.
You are easily found by Zot.
You glow in the dark.
You regain HP and MP as you explore.


Message History

* * * LOW HITPOINT WARNING * * *
The blink frog blinks!
Casting: Sandblast (safe; 1% risk of failure)
Confirm with . or Enter, or press ? or * to list all spells.
Aiming: Sandblast (safe; 1% risk of failure)
Press: ? - help, Shift-Dir - straight line, f/p - blink frog
Aim: a blink frog (severely wounded, 74% to hit)
The blast of sand hits the blink frog!!!
You kill the blink frog!
The blink frog blinks!
The blink frog closely misses you.
The blink frog blinks!
The blink frog hits you!
* * * LOW HITPOINT WARNING * * *
Your Fighting skill increases to level 7!
Casting: Sandblast (safe; 1% risk of failure)
Confirm with . or Enter, or press ? or * to list all spells.
Aiming: Sandblast (safe; 1% risk of failure)
Press: ? - help, Shift-Dir - straight line, f - blink frog
Aim: a blink frog (74% to hit)
The blast of sand hits the blink frog!!
The blink frog is almost dead.
The blink frog hits you.
* * * LOW HITPOINT WARNING * * *
The blink frog blinks! x4
Casting: Sandblast (safe; 1% risk of failure)
Confirm with . or Enter, or press ? or * to list all spells.
Aiming: Sandblast (safe; 1% risk of failure)
Press: ? - help, Shift-Dir - straight line, f - blink frog, p - blink frog
Aim: a blink frog (74% to hit)
The blast of sand hits the blink frog!!
The blink frog is severely wounded.
The blink frog blinks! x2; The blink frog misses you.
Casting: Sandblast (safe; 1% risk of failure)
Confirm with . or Enter, or press ? or * to list all spells.
Aiming: Sandblast (safe; 1% risk of failure)
Press: ? - help, Shift-Dir - straight line, f/p - blink frog
Aim: a blink frog (severely wounded, 74% to hit)
The blast of sand hits the blink frog!!
You kill the blink frog!
The blink frog blinks!
The blink frog hits you!
You die...

, , ,,
,.......#*
,
,,...[...*
* * #....F#
##....F#*
#.......
##..§..#*
#P.....#
#...§@#
#....F#
#.....#
***#.....#
#.†....# ,
, ........#
, , ,
,........#
,
,,........#
,,,
.........*


You could see 3 blink frogs.

Vanquished Creatures
  Jeremiah (D:8)
  2 komodo dragons (D:8)
  2 blink frogs (Lair:1)
  Prince Ribbit (D:5)
  A yak (Lair:1)
  A wyvern (D:8)
  Eustachio (D:6)
  2 basilisks (D:8)
  Edmund (D:5)
  A water moccasin (D:5)
  An acid dragon (D:8)
  A black bear (D:6)
  2 ogres
  3 centaurs
  3 phantoms
  2 kobold brigands
  A bullfrog (D:7)
  3 scorpions
  4 wights (D:6)
  8 hounds
  A gnoll bouda (D:8)
  An orc priest (D:6)
  2 jellies
  3 iguanas
  2 sleepcaps
  6 adders
  8 gnolls
  A shadow imp (D:7)
  A white imp (D:5)
  2 ufetubi (D:6)
  3 dart slugs
  A worm (D:4)
  12 orcs
  6 ball pythons
  7 bats
  10 endoplasms
  4 giant cockroaches
  8 goblins
  5 hobgoblins
  2 jackals (D:1)
  18 kobolds
  2 quokkas
  2 frilled lizards (D:3)
  4 rats
  3 boulders
155 creatures vanquished.

Vanquished Creatures (collateral kills)
  4 boulders
4 creatures vanquished.

Vanquished Creatures (others)
  6 boulders
6 creatures vanquished.

Grand Total: 165 creatures vanquished

Notes
Turn   | Place    | Note
-------+----------+-------------------------------------------
     0 | D:1      | Gladio the Meteoran Earth Elementalist began the quest for
                  | the Orb.
     0 | D:1      | Reached XP level 1. HP: 14/14 MP: 5/5
    65 | D:1      | Reached XP level 2. HP: 13/20 MP: 0/6
   180 | D:1      | Reached XP level 3. HP: 26/26 MP: 3/8
   184 | D:1      | Learned a level 3 spell: Stone Arrow
   215 | D:1      | Reached skill level 4 in Earth Magic
   482 | D:1      | Glimpsed the power of Zot.
   644 | D:2      | Reached XP level 4. HP: 34/34 MP: 5/9
   646 | D:2      | Reached skill level 1 in Fighting
   809 | D:2      | Learned a level 4 spell: Brom's Barrelling Boulder
   836 | D:2      | Reached XP level 5. HP: 16/40 MP: 2/11
  1164 | D:3      | Reached skill level 5 in Earth Magic
  1663 | D:3      | Glimpsed the power of Zot.
  1713 | D:3      | Glimpsed the power of Zot.
  1950 | D:4      | Reached XP level 6. HP: 48/48 MP: 4/13
  2049 | D:4      | Reached skill level 1 in Conjurations
  2065 | D:4      | Found an iron altar of Okawaru.
  2070 | D:4      | Reached skill level 6 in Earth Magic
  2093 | D:4      | Reached XP level 7. HP: 56/56 MP: 9/14
  2127 | D:4      | Found a staircase to the Ecumenical Temple.
  2186 | Temple   | Entered the Ecumenical Temple
  2252 | D:4      | Glimpsed the power of Zot.
  2301 | D:4      | Glimpsed the power of Zot.
  2309 | D:5      | Entered Level 5 of the Dungeon
  2311 | D:5      | Noticed a water moccasin
  2313 | D:5      | Killed a water moccasin
  2319 | D:5      | Learned a level 4 spell: Petrify
  2410 | D:5      | Reached skill level 5 in Spellcasting
  2410 | D:5      | Reached skill level 7 in Earth Magic
  2410 | D:5      | Reached XP level 8. HP: 63/63 MP: 12/16
  2623 | D:5      | Noticed Prince Ribbit
  2630 | D:5      | Killed Prince Ribbit
  2631 | D:5      | Reached skill level 8 in Earth Magic
  2634 | D:5      | Learned a level 2 spell: Passwall
  2637 | D:5      | Noticed Edmund
  2670 | D:5      | Killed Edmund
  2671 | D:5      | Gained mutation: You passively map the area around you.
                  | [Meteoran growth]
  2671 | D:5      | Reached XP level 9. HP: 41/72 MP: 1/18
  2846 | D:5      | Glimpsed the power of Zot.
  2892 | D:6      | Noticed Eustachio
  2903 | D:6      | Killed Eustachio
  2904 | D:6      | Reached skill level 5 in Fighting
  2904 | D:6      | Reached skill level 9 in Earth Magic
  2915 | D:6      | Reached skill level 5 in Conjurations
  3117 | D:6      | Reached skill level 10 in Earth Magic
  3125 | D:6      | Found a broken altar of Ashenzari.
  3140 | D:6      | Became a worshipper of Ashenzari the Shackled
  3289 | D:6      | Found a radiant altar of Vehumet.
  3502 | D:7      | Learned a level 4 spell: Animate Armour
  3509 | D:7      | Reached XP level 10. HP: 83/83 MP: 12/21
  3610 | D:7      | Learned a level 5 spell: Lee's Rapid Deconstruction
  4026 | D:7      | Glimpsed the power of Zot.
  4045 | D:8      | Noticed Jeremiah
  4063 | D:8      | Killed Jeremiah
  4064 | D:8      | Reached skill level 11 in Earth Magic
  4186 | D:8      | Noticed a komodo dragon
  4197 | D:8      | Killed a komodo dragon
  4231 | D:8      | Reached skill level 12 in Earth Magic
  4250 | D:8      | Noticed a komodo dragon
  4293 | D:8      | Killed a komodo dragon
  4346 | D:8      | Found a staircase to the Lair.
  4614 | D:8      | Glimpsed the power of Zot.
  4661 | D:8      | Glimpsed the power of Zot.
  4701 | D:8      | Glimpsed the power of Zot.
  4710 | D:8      | Touched by the power of Zot (MHP 84 -> 67)
  4731 | Lair:1   | Entered Level 1 of the Lair of Beasts
  4738 | Lair:1   | Reached skill level 13 in Earth Magic
  4750 | Lair:1   | Mangled by a blink frog

Illustrated notes

Levels and vault maps discovered:
D:1:      ncdulo_watergridlock, layout_basic, serial_glass, glass_columns_a,
          glass_columns_c
D:2:      layout_basic, serial_shops, shop, minmay_tromino_v4_b
D:3:      layout_basic, amcnicky_mini_rare_corridor_liquid
D:4:      layout_loops_corners, mainiacjoe_overflow_cross_hatched,
          general_overflow_altar, temple_green
D:5:      layout_loops_cross, uniq_edmund, uniq_prince_ribbit1
D:6:      layout_basic, vehumet_crystals, lemuel_crystal_altar,
          minmay_manual_mares, uniq_eustachio
D:7:      layout_cave_pods, dk_rats_in_the_wall
D:8:      layout_basic, erik_lair_dragon, supply_closet_lemuel, uniq_jeremiah
Temple:   compressed_dpeg_circular_temple
Lair:1:   layout_big_grid, hangedman_lair_unloving_vines, dreamdust_wasp_nest

Skill      XL: |  1  2  3  4  5  6  7  8  9 10 |
---------------+-------------------------------+-----
Spellcasting   | 3 4 5 7 8 |  8.3
Earth Magic    | 4 5 6 7 8 10 13 | 13.2
Fighting       | 1 2 3 4 5 7 |  7.0
Conjurations   | 1 2 4 5 7 |  7.2
Dodging        | |  2.4
Stealth        | |  1.6
Transmutations | |  1.6

Action                     |  1- 3 |  4- 6 |  7- 9 | 10-12 || total
---------------------------+-------+-------+-------+-------++-------
  Melee: Flail             |       |       |     7 |     6 ||    13
   Cast: Sandblast         |    39 |    56 |    54 |    35 ||   184
         Stone Arrow       |     1 |    19 |    33 |     4 ||    57
         Brom's Barrelling |       |       |     7 |     6 ||    13
         Petrify           |       |       |     1 |     2 ||     3
         Animate Armour    |       |       |     1 |       ||     1
         Lee's Rapid Decon |       |       |       |     7 ||     7
 Invoke: Curse Item        |       |       |       |     1 ||     1
    Use: Scroll            |       |     6 |     5 |     1 ||    12
         Potion            |       |     1 |     2 |       ||     3
 Armour: Robe              |     7 |    17 |    34 |       ||    58
         Leather armour    |       |       |    11 |    29 ||    40
  Dodge: Dodged            |    10 |    24 |    43 |    16 ||    93

Table legend: (Time is in decaauts)
 A = Elapsed time spent in this place.
 B = Non-inter-level travel time spent in this place.
 C = Inter-level travel time spent in this place.
 D = Time resting spent in this place.
 E = Time spent auto-exploring this place.
 F = Levels seen in this place.
 G = Mean time per level.
                   A        B        C        D        E       F      G
               +--------+--------+--------+--------+--------+-----+--------+
         Total |   4846 |   4494 |    352 |      0 |   3545 |  10 |  484.6 |
       Dungeon |   4820 |   4469 |    351 |      0 |   3545 |   8 |  602.5 |
        Temple |      1 |      1 |      0 |      0 |      0 |   1 |    1.0 |
          Lair |     24 |     24 |      0 |      0 |      0 |   1 |   24.0 |
               +--------+--------+--------+--------+--------+-----+--------+

Top non-repeatable levels by time:
     D:8: 705 daAuts
     D:3: 699 daAuts
     D:7: 656 daAuts
     D:4: 596 daAuts
     D:5: 563 daAuts
     D:2: 536 daAuts
     D:6: 535 daAuts
     D:1: 526 daAuts
  Lair:1: 24 daAuts
  Temple: 1 daAuts
